[Event "Titled Tuesday Blitz March 21 Late 2023"]
[White "Cyfka, Karina"]
[Black "Albuquerque Junior,Wellington S."]
[WhiteFideId "1122681"]
[BlackFideId "2151480"]
[WhiteElo "2241"]
[BlackElo "2109"]
[Result "1-0"]
[Round "05"]
[TimeControl "180+2"]
[Date "2023.03.21"]
[WhiteClock "0:01:41"]
[BlackClock "0:00:04"]

1. c4 Nf6 2. g3 c5 3. Bg2 g6 4. Nc3 Bg7 5. e3 O-O 6. Nge2 d6 7. O-O Nc6 8. h3 Be6 9. b3 a6 10. d4 Bd7 11. d5 Na5 12. a4 Rb8 13. Bd2 Ne8 14. e4 Ra8 15. Ra2 b6 16. f4 Rb8 17. g4 e6 18. Ng3 Bd4+ 19. Kh1 f5 20. dxe6 Bxe6 21. gxf5 gxf5 22. exf5 1-0


[Site "https://www.chess.com"]

[Event "Titled Tuesday Blitz March 21 Late 2023"]
[White "Fernandez, Maria Florencia"]
[Black "Roman, Rodrigo"]
[WhiteFideId "116459"]
[BlackFideId "3701220"]
[WhiteElo "2155"]
[BlackElo "1995"]
[Result "1-0"]
[Round "05"]
[TimeControl "180+2"]
[Date "2023.03.21"]
[WhiteClock "0:02:04"]
[BlackClock "0:02:03"]

1. d4 Nf6 2. c4 e6 3. Nc3 Bb4 4. a3 Bxc3+ 5. bxc3 O-O 6. f3 d5 7. e3 b6 8. cxd5 exd5 9. Bd3 c5 10. Ne2 Re8 11. O-O Nc6 12. Re1 Qc7 13. Ng3 h5 14. Bb2 h4 15. Nh1 h3 16. g3 c4 17. Bc2 Re7 18. Nf2 Bd7 19. e4 dxe4 20. fxe4 Rae8 21. e5 Nd5 22. Qf3 Re6 1-0


[Site "https://www.chess.com"]

[Event "Titled Tuesday Blitz March 21 Late 2023"]
[White "Skaric, Djuro"]
[Black "Rottenwohrer Suarez, Juan"]
[WhiteFideId "934569"]
[BlackFideId "32068182"]
[WhiteElo "2282"]
[BlackElo "2174"]
[Result "0-1"]
[Round "05"]
[TimeControl "180+2"]
[Date "2023.03.21"]
[WhiteClock "0:01:22"]
[BlackClock "0:00:50"]

1. g3 Nf6 2. Bg2 g6 3. d3 Bg7 4. e4 c5 5. Nc3 O-O 6. f4 Nc6 7. Nf3 Rb8 8. a4 d6 9. h3 a6 10. g4 b5 11. axb5 axb5 12. O-O Nd4 13. Nxd4 cxd4 14. Ne2 Nd7 15. Ng3 b4 16. b3 Bb7 17. Bb2 Rc8 18. Rf2 Qb6 19. g5 Ra8 20. Qd2 Rxa1+ 21. Bxa1 Ra8 22. Rf1 Ra2 23. Qc1 Qc7 24. Rf2 Nc5 25. Qb1 Ra8 26. Bb2 Qa5 27. Ne2 Qa2 28. Qc1 e5 29. f5 Rc8 30. f6 Nxd3 31. cxd3 Rxc1+ 32. Nxc1 Qb1 33. Bf3 Bf8 34. Bd1 d5 35. Bc2 Qxb2 0-1


[Site "https://www.chess.com"]

[Event "Titled Tuesday Blitz March 21 Late 2023"]
[White "Kovalevsky, Stanislav"]
[Black "Stanisz, Patryk"]
[WhiteFideId "13508598"]
[BlackFideId "1123106"]
[WhiteElo "2174"]
[BlackElo "2069"]
[Result "1-0"]
[Round "05"]
[TimeControl "180+2"]
[Date "2023.03.21"]
[WhiteClock "0:00:11"]
[BlackClock "0:00:01"]

1. c4 c6 2. e4 d5 3. cxd5 cxd5 4. exd5 Nf6 5. Nc3 g6 6. Bc4 Bg7 7. Nge2 Nbd7 8. d6 exd6 9. O-O O-O 10. d4 Nb6 11. Bb3 Bd7 12. Re1 Rc8 13. Bf4 d5 14. Bg5 Bc6 15. Bh4 Qd7 16. Nf4 Nc4 17. Bxc4 dxc4 18. d5 Bb5 19. d6 Rce8 20. Re7 Qc6 21. Rc7 Qa6 22. a4 Bc6 23. Nfd5 Kh8 24. Nxf6 Bxf6 25. Bxf6+ Kg8 26. Qd2 1-0


[Site "https://www.chess.com"]

[Event "Titled Tuesday Blitz March 21 Late 2023"]
[White "Elaisaz"]
[Black "Szente Varga, Fruzsina"]
[BlackFideId "712264"]
[WhiteElo "2250"]
[BlackElo "1994"]
[Result "0-1"]
[Round "05"]
[TimeControl "180+2"]
[Date "2023.03.21"]
[WhiteClock "0:00:02"]
[BlackClock "0:00:15"]

1. e4 Nf6 2. d3 d5 3. e5 Nfd7 4. d4 e6 5. Nd2 c5 6. c3 Nc6 7. Ne2 Qb6 8. Nf3 Be7 9. g4 O-O 10. Bg2 f6 11. exf6 Bxf6 12. dxc5 Nxc5 13. O-O Ne5 14. Nxe5 Bxe5 15. Nd4 Qc7 16. h3 Bd7 17. Qd2 Bh2+ 18. Kh1 Bf4 19. Qe2 Rae8 20. Bxf4 Qxf4 21. Rae1 Kh8 22. Nf3 Ne4 23. Nd4 Ng5 24. Qe5 Qxe5 25. Rxe5 Nf7 26. Re2 e5 27. Nf5 Bb5 28. Rfe1 Bxe2 29. Rxe2 e4 30. Nd4 Ne5 31. b3 Nd3 32. c4 Nf4 33. Re1 Nxg2 34. Kxg2 dxc4 35. bxc4 Rf7 36. Nf5 Rd7 37. f3 exf3+ 38. Kf2 Rd2+ 0-1


[Site "https://www.chess.com"]

[Event "Titled Tuesday Blitz March 21 Late 2023"]
[White "Battlecruiser_Operational"]
[Black "Szyszylo, Rafal"]
[BlackFideId "1109626"]
[WhiteElo "2242"]
[BlackElo "1951"]
[Result "1-0"]
[Round "05"]
[TimeControl "180+2"]
[Date "2023.03.21"]
[WhiteClock "0:00:04"]
[BlackClock "0:00:01"]

1. d4 g6 2. Nf3 Nf6 3. g3 Bg7 4. Bg2 O-O 5. O-O d6 6. c4 Nc6 7. Nc3 a6 8. h3 Rb8 9. b3 b5 10. cxb5 axb5 11. Bb2 b4 12. Na4 Na5 13. Rc1 Bd7 14. Ne1 e6 15. Nd3 Bxa4 16. bxa4 Nd5 17. Qd2 Qd7 18. Bxd5 exd5 19. Nxb4 Nc4 20. Rxc4 dxc4 21. a5 c5 22. Nd5 Qxh3 23. e3 Qe6 24. Nb6 Qh3 25. dxc5 Bxb2 26. Qxb2 dxc5 27. Rc1 Rfd8 28. Qe5 Rb7 29. Qxc5 Qg4 30. a6 Rd1+ 31. Rxd1 Qxd1+ 32. Kg2 Ra7 33. Qxc4 Qd6 34. Qb5 Qc7 35. a4 Kg7 36. a5 h6 37. Qb2+ Kh7 38. Qe2 Qc6+ 39. Kh2 Qc7 40. Qb5 h5 41. Kg2 Qe7 42. Nd5 Qe4+ 43. f3 Qc2+ 44. Kh3 Qf5+ 45. Kg2 Rd7 46. e4 Qe5 47. Kh3 Qe6+ 48. Kg2 Ra7 49. Qb6 1-0


[Site "https://www.chess.com"]

[Event "Titled Tuesday Blitz March 21 Late 2023"]
[White "Jimenez Jimenez, Leandro"]
[Black "olga-belka"]
[WhiteFideId "6415253"]
[WhiteElo "2263"]
[BlackElo "2241"]
[Result "1/2-1/2"]
[Round "05"]
[TimeControl "180+2"]
[Date "2023.03.21"]
[WhiteClock "0:00:09"]
[BlackClock "0:00:06"]

1. d4 Nf6 2. c4 g6 3. Nc3 d5 4. Nf3 Bg7 5. cxd5 Nxd5 6. Qb3 Nb6 7. e4 O-O 8. Be3 c6 9. Be2 N8d7 10. O-O e5 11. Bg5 Qe8 12. d5 h6 13. Be3 Qe7 14. Rfd1 cxd5 15. Nxd5 Nxd5 16. Rxd5 Nb6 17. Bxb6 axb6 18. Qxb6 Be6 19. Bc4 Bxd5 20. Bxd5 h5 21. Qxg6 Ra6 22. Qxh5 Rh6 23. Qg4 Kh8 24. Rc1 Bf6 25. g3 Rg8 26. Rc8 Rxc8 27. Qxc8+ Kg7 28. Qxb7 Qxb7 29. Bxb7 Rh8 30. Bd5 Rc8 31. a4 Rc2 32. b3 Be7 33. a5 Bc5 34. a6 Rxf2 35. Nh4 Ra2+ 36. Kf1 Rxa6 37. Nf5+ Kf6 38. h4 Ra2 39. Ke1 Rh2 40. Kf1 Kg6 41. Ke1 Bb4+ 42. Kf1 Rc2 43. g4 Rh2 44. g5 Bc5 45. Ng3 Rxh4 46. Nf5 Rf4+ 47. Ke2 Kxg5 48. Kd3 Rf3+ 49. Kc4 Bf8 50. Bxf7 Kf6 51. Bd5 Rf1 52. Kb5 Rb1 53. Kc6 Ba3 54. Kd7 Kg5 55. Nd6 Bxd6 56. Kxd6 Kf4 57. Kc5 Rc1+ 58. Kd6 Rb1 59. Kc5 Ke3 60. b4 Rc1+ 61. Kd6 Kd4 62. b5 Rb1 63. Bc6 Rb2 64. Bd7 Rb4 65. Bc6 Rb2 66. Ke6 Rb4 67. Kd7 Kc5 68. Ke6 Kd4 69. Ke7 Rb2 70. Kd8 Rb4 71. Kc7 Kc5 72. Bd7 Rxe4 73. b6 Rb4 74. b7 Rxb7+ 75. Kxb7 e4 76. Bg4 e3 77. Kc7 e2 78. Bxe2 1/2-1/2


[Site "https://www.chess.com"]

[Event "Titled Tuesday Blitz March 21 Late 2023"]
[White "Rios Escobar, Adan"]
[Black "Ardila, Oscar Humberto"]
[WhiteFideId "3403645"]
[BlackFideId "4404742"]
[WhiteElo "2399"]
[BlackElo "1911"]
[Result "1-0"]
[Round "05"]
[TimeControl "180+2"]
[Date "2023.03.21"]
[WhiteClock "0:00:06"]
[BlackClock "0:00:06"]

1. d4 Nf6 2. g3 g6 3. Bg2 Bg7 4. e4 d6 5. Ne2 O-O 6. O-O Nbd7 7. Nbc3 e5 8. h3 exd4 9. Nxd4 Re8 10. Re1 Nc5 11. Bf4 Ne6 12. Nxe6 Bxe6 13. a4 Nh5 14. Be3 Nf6 15. Qd2 Nd7 16. a5 a6 17. f4 Nc5 18. e5 Qe7 19. exd6 cxd6 20. Rad1 Rad8 21. b4 Nd7 22. Nd5 Qf8 23. Nc7 Re7 24. Qxd6 Bf5 25. Bxb7 Bxh3 26. Nd5 Re6 27. Qxf8+ Bxf8 28. c4 Rb8 29. Nc7 Rxb7 30. Nxe6 Bxe6 31. b5 axb5 32. cxb5 Rxb5 33. a6 Bc5 34. Bxc5 Nxc5 35. a7 Ra5 36. Rd8+ Kg7 37. a8=Q Rxa8 38. Rxa8 Nd3 39. Rd1 Nc5 40. Ra7 Ne4 41. Re1 Nc5 42. Re5 Nd3 43. Rxe6 Kh6 44. Rxf7 Kh5 45. Rxh7+ Kg4 46. Rxg6+ Kf3 47. f5 Ne5 48. Rf6 Ng4 49. Rf8 Ne3 50. f6 Ng4 51. f7 Nf2 52. Re8 Ng4 53. f8=Q+ 1-0


[Site "https://www.chess.com"]

[Event "Titled Tuesday Blitz March 21 Late 2023"]
[White "Sabar, Ethmane Daouda"]
[Black "Meunier-Pion, Jean"]
[WhiteFideId "19600097"]
[BlackFideId "20685327"]
[WhiteElo "1950"]
[BlackElo "2124"]
[Result "0-1"]
[Round "05"]
[TimeControl "180+2"]
[Date "2023.03.21"]
[WhiteClock "0:00:03"]
[BlackClock "0:00:11"]

1. e4 e5 2. Bc4 Nf6 3. d4 exd4 4. Nf3 Nxe4 5. Qxd4 Nd6 6. Bb3 Nc6 7. Qf4 Qf6 8. Qxf6 gxf6 9. c3 Ne5 10. Nd4 c5 11. Ne2 Nd3+ 12. Kf1 b6 13. Na3 Ba6 14. c4 O-O-O 15. Rb1 Rg8 16. Nf4 Ne5 17. f3 Ndxc4 18. Nxc4 Nxc4 19. Kf2 d5 20. Rd1 d4 21. Bd2 Nxd2 22. Rxd2 Bh6 23. g3 Kb8 24. Bxf7 Rg7 25. Bb3 Bxf4 26. gxf4 c4 27. Bc2 Rdg8 28. Bf5 Rg2+ 29. Ke1 Rg1+ 30. Kf2 R8g2# 0-1


[Site "https://www.chess.com"]

[Event "Titled Tuesday Blitz March 21 Late 2023"]
[White "Jimenez Fernandez, Rebeca"]
[Black "liwadas82"]
[WhiteFideId "32070934"]
[WhiteElo "2008"]
[BlackElo "2395"]
[Result "0-1"]
[Round "05"]
[TimeControl "180+2"]
[Date "2023.03.21"]
[WhiteClock "0:00:01"]
[BlackClock "0:00:17"]

1. e4 e5 2. d4 exd4 3. Qxd4 Nc6 4. Qe3 Nf6 5. Nc3 Bb4 6. Bd2 O-O 7. O-O-O Re8 8. Bc4 Bxc3 9. Bxc3 Nxe4 10. Qf4 Qe7 11. Re1 g5 12. Qf3 d5 13. Bxd5 Nxc3 14. Qxf7+ Qxf7 15. Rxe8+ Kg7 16. Bxf7 Kxf7 17. Rh8 Kg7 18. Re8 Kf7 19. Rxc8 Nxa2+ 20. Kb1 Rxc8 21. Kxa2 Re8 22. Nf3 g4 23. Nd2 Re2 24. Nc4 Rxc2 25. Ne3 Rxf2 26. Nxg4 Rxg2 27. Ne3 Re2 28. Nd5 Ke8 29. Nxc7+ Kd7 30. Nb5 a6 31. Nc3 Rg2 32. Na4 Kc7 33. Nc5 Nb4+ 0-1


[Site "https://www.chess.com"]

[Event "Titled Tuesday Blitz March 21 Late 2023"]
[White "ArturoCaceres"]
[Black "Rose, Felix"]
[BlackFideId "5105722"]
[WhiteElo "2392"]
[BlackElo "2039"]
[Result "0-1"]
[Round "05"]
[TimeControl "180+2"]
[Date "2023.03.21"]
[WhiteClock "0:00:37"]
[BlackClock "0:00:37"]

1. f3 d5 2. d4 Nf6 3. e3 c5 4. c3 Nc6 5. Bd3 Qc7 6. Ne2 e5 7. dxe5 Nxe5 8. Bc2 Bd6 9. Kf2 O-O 10. Nf4 d4 11. exd4 cxd4 12. cxd4 Neg4+ 13. fxg4 Bxf4 14. h3 Be6 15. Nc3 Rad8 16. Qf3 Bxc1 17. Raxc1 Rxd4 18. Rhd1 Rf4 19. Qxf4 Qxf4+ 20. Kg1 h5 21. gxh5 Nxh5 22. Rf1 Qe3+ 23. Kh2 Ng3 24. Rfe1 Qf2 25. Be4 Qf4 26. Kg1 Rc8 27. Rcd1 Rxc3 28. bxc3 Nxe4 29. Rf1 Qe3+ 30. Kh2 Qg3+ 31. Kg1 Bxh3 32. Rd8+ Kh7 0-1


[Site "https://www.chess.com"]

[Event "Titled Tuesday Blitz March 21 Late 2023"]
[White "Davidson, Kevin"]
[Black "Vadim_Galchenko"]
[WhiteFideId "2056810"]
[WhiteElo "2151"]
[BlackElo "2169"]
[Result "0-1"]
[Round "05"]
[TimeControl "180+2"]
[Date "2023.03.21"]
[WhiteClock "0:00:01"]
[BlackClock "0:00:09"]

1. e4 e6 2. d4 d5 3. Nc3 Nf6 4. Bg5 Bb4 5. e5 h6 6. Be3 Ne4 7. Qg4 g6 8. a3 Bxc3+ 9. bxc3 Nxc3 10. Bd3 Qd7 11. Nf3 b6 12. O-O Ba6 13. Bxa6 Nxa6 14. Rfe1 c5 15. h4 c4 16. h5 g5 17. Nh2 O-O-O 18. Qf3 Ne4 19. Ng4 Qe7 20. Bc1 b5 21. Rxe4 dxe4 22. Qxe4 Qb7 23. Qe3 Nc7 24. Bd2 Nd5 25. Qf3 Rd7 26. Rb1 a6 27. Kh2 Kb8 28. g3 c3 29. Bxc3 Rc7 30. Rb3 Qc8 31. Ba5 Rxc2 32. Nf6 Qc6 33. Nxd5 Qxd5 34. Qxd5 exd5 35. Kg2 g4 36. Bb4 Rhc8 37. Bc5 Kb7 38. Re3 Re8 39. Kg1 a5 40. f3 Rg8 41. f4 Re8 42. f5 Kc6 43. e6 fxe6 44. f6 Rxc5 45. dxc5 Kxc5 46. Re5 Kd6 47. Re3 e5 48. Rb3 Kc5 49. Kf2 b4 50. axb4+ axb4 51. Re3 e4 52. Rb3 d4 53. Rb1 Rf8 54. Ke2 Rxf6 55. Rc1+ Kd5 56. Ra1 d3+ 0-1


[Site "https://www.chess.com"]

[Event "Titled Tuesday Blitz March 21 Late 2023"]
[White "Hon, Eric"]
[Black "Toktomushev, Teimur"]
[WhiteFideId "2097117"]
[BlackFideId "14176726"]
[WhiteElo "1918"]
[BlackElo "2116"]
[Result "0-1"]
[Round "05"]
[TimeControl "180+2"]
[Date "2023.03.21"]
[WhiteClock "0:01:33"]
[BlackClock "0:00:28"]

1. e4 c5 2. Nf3 e6 3. d4 cxd4 4. Nxd4 a6 5. Nc3 b5 6. a4 b4 7. Nce2 Bb7 8. f3 Nc6 9. Be3 Nf6 10. Qd2 Qc7 11. g3 d5 12. Nxc6 Bxc6 13. exd5 Nxd5 14. Nd4 Rd8 15. O-O-O Nxe3 16. Qxe3 Bc5 17. c3 O-O 18. Kc2 bxc3 19. Qxc3 Bxd4 20. Rxd4 Rxd4 21. Qxd4 Bxf3+ 0-1


[Site "https://www.chess.com"]

[Event "Titled Tuesday Blitz March 21 Late 2023"]
[White "Beulen, Marcel"]
[Black "Cueto, Jonny"]
[WhiteFideId "1001450"]
[BlackFideId "3300145"]
[WhiteElo "2387"]
[BlackElo "2234"]
[Result "1-0"]
[Round "05"]
[TimeControl "180+2"]
[Date "2023.03.21"]
[WhiteClock "0:01:07"]
[BlackClock "0:00:12"]

1. e4 e6 2. d4 d5 3. exd5 exd5 4. Nf3 Bd6 5. c4 Bg4 6. Be2 Nf6 7. Qb3 Nbd7 8. c5 Be7 9. Qxb7 O-O 10. O-O a5 11. Nc3 Rb8 12. Qa6 Bxf3 13. Bxf3 Rb4 14. Be3 c6 15. Qe2 Qb8 16. b3 Re8 17. Qc2 Qb7 18. Rad1 Bd8 19. Rfe1 Nb8 20. h3 Bc7 21. Qd3 Na6 22. Bg5 Ne4 23. Nxe4 dxe4 24. Bxe4 f6 25. Bxh7+ Kf8 26. Rxe8+ Kxe8 27. Bg6+ Kf8 28. Be3 a4 29. bxa4 Rxa4 30. Qe4 Qa8 31. Qe6 1-0


[Site "https://www.chess.com"]

[Event "Titled Tuesday Blitz March 21 Late 2023"]
[White "Bongo Akanga Ndjila, Barthelemy"]
[Black "ArtemDyachuk"]
[WhiteFideId "10609431"]
[WhiteElo "1768"]
[BlackElo "2362"]
[Result "1-0"]
[Round "05"]
[TimeControl "180+2"]
[Date "2023.03.21"]
[WhiteClock "0:00:45"]
[BlackClock "0:00:01"]

1. d4 Nf6 2. c4 c5 3. d5 e6 4. Nc3 exd5 5. cxd5 d6 6. Nf3 g6 7. Bf4 Bg7 8. h3 O-O 9. e3 Re8 10. Be2 Ne4 11. Rc1 Nd7 12. Nxe4 Rxe4 13. Bd3 Re8 14. b3 b5 15. Bxd6 Qb6 16. Bg3 Bb7 17. Be2 Rad8 18. O-O Ne5 19. e4 f5 20. Nxe5 Bxe5 21. Bxe5 Rxe5 22. Qd3 fxe4 23. Qxb5 Bxd5 24. Qxc5 Qf6 25. Qxa7 Be6 26. Bc4 Rd2 27. a4 Qg5 28. Bxe6+ Rxe6 29. Qb8+ Rd8 30. Qb4 e3 31. fxe3 Qxe3+ 32. Kh1 Qe2 33. Rce1 Qd3 34. Qh4 1-0


[Site "https://www.chess.com"]

[Event "Titled Tuesday Blitz March 21 Late 2023"]
[White "Ricaurte Lopez, Juan Carlos"]
[Black "Wizard_of_Odds"]
[WhiteFideId "3600327"]
[WhiteElo "2209"]
[BlackElo "2351"]
[Result "0-1"]
[Round "05"]
[TimeControl "180+2"]
[Date "2023.03.21"]
[WhiteClock "0:00:16"]
[BlackClock "0:00:09"]

1. e4 e6 2. d4 d5 3. exd5 exd5 4. Nf3 Nf6 5. c4 Bb4+ 6. Nc3 O-O 7. Be2 Bg4 8. O-O c6 9. c5 Nbd7 10. Bg5 Re8 11. h3 Bh5 12. g4 Bg6 13. Nh4 Qe7 14. Nxg6 hxg6 15. Bd3 Ba5 16. Qf3 Bc7 17. Kg2 Qf8 18. b4 a6 19. Rfe1 Nh7 20. Bf4 Bxf4 21. Qxf4 Rxe1 22. Rxe1 Qd8 23. Qd6 Ndf8 24. Re7 Qxd6 25. cxd6 Rb8 26. Na4 b6 27. Bxa6 Ra8 28. Bb7 Rxa4 29. d7 Nxd7 30. Rxd7 Nf6 31. Rd8+ Kh7 32. Bxc6 Rxa2 33. Bxd5 Nxd5 34. Rxd5 Rb2 35. Rb5 Rd2 36. Rxb6 Rxd4 37. Kg3 g5 38. h4 Rd3+ 39. f3 gxh4+ 40. Kxh4 Rxf3 41. Kg5 f6+ 42. Kh4 g5+ 0-1


[Site "https://www.chess.com"]

[Event "Titled Tuesday Blitz March 21 Late 2023"]
[White "Bhavikatti, Neil"]
[Black "Bullen, Alex"]
[WhiteFideId "30935024"]
[BlackFideId "1801627"]
[WhiteElo "2350"]
[BlackElo "2088"]
[Result "0-1"]
[Round "05"]
[TimeControl "180+2"]
[Date "2023.03.21"]
[WhiteClock "0:00:59"]
[BlackClock "0:00:19"]

1. d4 d5 2. c4 e6 3. Nc3 Nf6 4. cxd5 exd5 5. Bg5 c6 6. Qc2 h6 7. Bh4 g6 8. e3 Bf5 9. Qb3 Be7 10. Qxb7 Nbd7 11. Qxc6 Rb8 12. Nf3 Rxb2 13. Bb5 g5 14. Bg3 O-O 15. O-O Qa5 16. Ne5 Nb8 17. Qb7 Qxc3 18. Qxe7 Ne4 19. a4 Nd2 20. Rfc1 Rc2 21. Rxc2 Qxa1+ 0-1


[Site "https://www.chess.com"]

[Event "Titled Tuesday Blitz March 21 Late 2023"]
[White "Kostiukov, Alexandr"]
[Black "Manu_ChessExcelsior"]
[WhiteFideId "14108100"]
[WhiteElo "2202"]
[BlackElo "2051"]
[Result "1-0"]
[Round "05"]
[TimeControl "180+2"]
[Date "2023.03.21"]
[WhiteClock "0:00:05"]
[BlackClock "0:00:01"]

1. e4 c5 2. Nf3 Nc6 3. d4 cxd4 4. Nxd4 Nf6 5. Nc3 e5 6. Nb3 Bb4 7. Bd3 d5 8. O-O Bxc3 9. bxc3 dxe4 10. Bb5 O-O 11. Ba3 Re8 12. Qc1 Qb6 13. Be2 Bf5 14. Bc5 Qc7 15. a4 b6 16. Ba3 a5 17. Bb5 Rec8 18. Qg5 Bd7 19. Rad1 Nd8 20. Bd6 Ne6 21. Qxe5 Qxc3 22. Bxd7 Nxd7 23. Qxe4 Qxc2 24. Qb7 Qxb3 25. Qxd7 Qc4 26. Bg3 Qc6 27. Qd3 h6 28. Qa3 Qc5 29. Qa1 Qc4 30. Rc1 Qd5 31. Rxc8+ Rxc8 32. Rd1 Qc6 33. Qe5 Qc3 34. Qd6 Kh7 35. h4 Qc2 36. Re1 Qxa4 37. Be5 Qg4 38. Qe7 Rf8 39. f3 Qf5 40. Re4 Rd8 41. Re1 Rd2 42. Bg3 Qg6 43. Kh2 Nc5 44. Re3 Rd7 45. Qe8 Rc7 46. Re7 Rxe7 47. Qxe7 Qe6 48. Qa7 b5 49. Qxa5 Ne4 50. Qb4 Nxg3 51. Kxg3 Qd6+ 52. Qxd6 f5 53. Qd3 g6 54. Qxb5 1-0


[Site "https://www.chess.com"]

[Event "Titled Tuesday Blitz March 21 Late 2023"]
[White "Bogaudinov, Rushan"]
[Black "Oliveira, Tiago Batista"]
[WhiteFideId "4129288"]
[BlackFideId "2108291"]
[WhiteElo "1949"]
[BlackElo "1962"]
[Result "1-0"]
[Round "05"]
[TimeControl "180+2"]
[Date "2023.03.21"]
[WhiteClock "0:00:16"]
[BlackClock "0:00:01"]

1. d4 Nf6 2. Nf3 g6 3. e3 Bg7 4. Be2 O-O 5. O-O d5 6. c4 c6 7. Nc3 Nbd7 8. cxd5 cxd5 9. a3 a6 10. b4 b5 11. Bb2 Nb6 12. Nd2 Bf5 13. Nb3 Nc4 14. Ra2 Ne4 15. Nxe4 Bxe4 16. Nc5 Bf5 17. a4 e5 18. dxe5 Nxb2 19. Rxb2 Bxe5 20. Ra2 Qh4 21. f4 Bc3 22. axb5 axb5 23. Rxa8 Rxa8 24. Qxd5 Rd8 25. Qb3 Bd2 26. Bxb5 Rd6 27. Bc4 Qf6 28. b5 Qe7 29. b6 Bxe3+ 30. Kh1 Bxc5 31. b7 Rb6 32. b8=Q+ Rxb8 33. Qxb8+ Kg7 34. Qb2+ Qf6 35. Qxf6+ Kxf6 36. Be2 Bd6 37. g3 h5 38. Bf3 Bh3 39. Bg2 Bxg2+ 40. Kxg2 Kf5 41. Kf3 f6 42. Rd1 1-0


[Site "https://www.chess.com"]

[Event "Titled Tuesday Blitz March 21 Late 2023"]
[White "salgadoLO"]
[Black "Quinones Garcia, Santiago"]
[BlackFideId "4408497"]
[WhiteElo "2183"]
[BlackElo "2263"]
[Result "0-1"]
[Round "05"]
[TimeControl "180+2"]
[Date "2023.03.21"]
[WhiteClock "0:00:01"]
[BlackClock "0:01:20"]

1. d4 Nf6 2. Bg5 Ne4 3. Bh4 d5 4. f3 Nf6 5. Nc3 g6 6. e4 dxe4 7. fxe4 Bg7 8. e5 Nd5 9. Nf3 Nc6 10. Bc4 Ne3 11. Qe2 Nxd4 12. Nxd4 Qxd4 13. Bf2 Nxc2+ 14. Kf1 Bg4 15. Bxd4 Bxe2+ 16. Nxe2 Nxa1 17. Bb5+ c6 18. Ba4 b5 19. Bd1 c5 20. Bxc5 Bxe5 21. b4 O-O 22. Kf2 Rfd8 23. h4 Rd2 24. Bxe7 Re8 25. Bg5 Rxa2 26. h5 Nc2 27. hxg6 fxg6 28. Kf3 Nxb4 29. Bb3+ Kh8 30. Bxa2 Nxa2 31. Nf4 Bxf4 32. Kxf4 Nc3 33. Bf6+ Kg8 34. Bxc3 Rc8 35. Be5 a5 36. Rd1 b4 37. Rd7 Rc4+ 38. Kg5 b3 39. Rg7+ Kf8 40. Rb7 a4 41. Kf6 Rc6+ 42. Kg5 Re6 43. Bf6 Ra6 44. Rb4 Kf7 45. Rb7+ Ke6 0-1


[Site "https://www.chess.com"]

[Event "Titled Tuesday Blitz March 21 Late 2023"]
[White "Gerbelli Neto, Eduardo"]
[Black "lluiss"]
[WhiteFideId "2103281"]
[WhiteElo "2178"]
[BlackElo "2168"]
[Result "0-1"]
[Round "05"]
[TimeControl "180+2"]
[Date "2023.03.21"]
[WhiteClock "0:01:04"]
[BlackClock "0:00:53"]

1. e4 c5 2. Nc3 d6 3. f4 g6 4. Nf3 Nc6 5. Bb5 Bg7 6. O-O Bd7 7. d3 Nd4 8. Bxd7+ Qxd7 9. Nxd4 cxd4 10. Ne2 Qc7 11. Bd2 Rc8 12. c3 dxc3 13. Nxc3 Qb6+ 14. Kh1 e6 15. f5 Nf6 16. fxe6 fxe6 17. Qa4+ Qc6 18. Qxa7 O-O 19. Qe3 Ng4 20. Qg3 Ne5 21. Qh3 Qd7 22. Nd5 exd5 23. Qxd7 Nxd7 24. exd5 Bxb2 25. Rab1 Rc2 26. Rxf8+ Nxf8 27. Bf4 Nd7 28. Bxd6 Rc1+ 29. Rxc1 Bxc1 30. Kg1 Nb6 31. Kf2 Nxd5 32. Kf3 Bh6 33. Ke4 Nf6+ 34. Ke5 Bg7 35. Ke6 Ng4 36. Kd7 Nf2 37. Kc7 Nxd3 38. Kxb7 Kf7 39. a4 Ke6 40. Bg3 Be5 41. Bxe5 Kxe5 42. a5 Nc5+ 43. Kb6 Kd5 44. a6 Nxa6 45. Kxa6 g5 46. Kb5 h5 47. Kb4 Kd4 48. Kb5 Ke3 49. Kc4 Kf2 50. h4 gxh4 0-1


[Site "https://www.chess.com"]

[Event "Titled Tuesday Blitz March 21 Late 2023"]
[White "Fajdetic, Hrvoje"]
[Black "Hirneise, Jens"]
[WhiteFideId "14501945"]
[BlackFideId "24614734"]
[WhiteElo "2185"]
[BlackElo "2345"]
[Result "0-1"]
[Round "05"]
[TimeControl "180+2"]
[Date "2023.03.21"]
[WhiteClock "0:00:01"]
[BlackClock "0:00:52"]

1. d4 d6 2. Nc3 Nf6 3. e4 Nbd7 4. Be3 e5 5. f3 Be7 6. Nge2 c6 7. Qd2 b5 8. O-O-O Nb6 9. Ng3 b4 10. Nb1 Qc7 11. Qxb4 a5 12. Qd2 O-O 13. Nf5 Bxf5 14. exf5 exd4 15. Bxd4 c5 16. Bc3 d5 17. Bxa5 Bd6 18. g3 Rfb8 19. Na3 Qa7 20. Nb5 Qd7 21. Nxd6 Qxd6 22. Bxb6 Rxb6 23. a3 Qe5 24. c3 Rab8 25. f4 Qc7 26. Bd3 Qb7 27. b4 cxb4 28. axb4 d4 29. b5 dxc3 30. Qc2 Qa7 31. Qxc3 Nd5 32. Qb2 Rc8+ 33. Kd2 Qa5+ 34. Ke2 Nc3+ 35. Kf3 Nxd1 36. Rxd1 Re8 37. Be2 Qa4 38. Qd4 Qa8+ 39. Kf2 Rbb8 40. Bc4 Qb7 41. Qd7 Qb6+ 42. Kg2 Rf8 43. g4 Qe3 44. Rf1 Rbd8 45. Qc6 Rd2+ 0-1


[Site "https://www.chess.com"]

[Event "Titled Tuesday Blitz March 21 Late 2023"]
[White "Munoz, Francisco Javier"]
[Black "2good4u734"]
[WhiteFideId "128368"]
[WhiteElo "2383"]
[BlackElo "2219"]
[Result "1-0"]
[Round "05"]
[TimeControl "180+2"]
[Date "2023.03.21"]
[WhiteClock "0:02:21"]
[BlackClock "0:01:14"]

1. e4 b6 2. Nc3 Bb7 3. d4 e6 4. Bd3 Nf6 5. Qe2 Bb4 6. Bd2 O-O 7. Nf3 Bxc3 8. bxc3 d5 9. e5 Ne4 10. h4 f6 11. exf6 Qxf6 12. Ng5 Qxf2+ 13. Qxf2 Nxf2 14. Bxh7+ Kh8 15. Rf1 Nd7 16. Rxf2 Rxf2 17. Kxf2 Rf8+ 18. Kg3 Nf6 19. Bg6 1-0


[Site "https://www.chess.com"]

[Event "Titled Tuesday Blitz March 21 Late 2023"]
[White "Barria Santos, Jose Guilherme"]
[Black "Cella, Glaucio Dalla Cortt"]
[WhiteFideId "1939300"]
[BlackFideId "2119455"]
[WhiteElo "2301"]
[BlackElo "2011"]
[Result "0-1"]
[Round "05"]
[TimeControl "180+2"]
[Date "2023.03.21"]
[WhiteClock "0:00:06"]
[BlackClock "0:00:51"]

1. e4 c5 2. Nf3 e6 3. d4 cxd4 4. Nxd4 Nf6 5. Nc3 Bb4 6. Bd3 d5 7. exd5 Nxd5 8. Bd2 Nxc3 9. bxc3 Be7 10. O-O O-O 11. Re1 Nc6 12. Nf3 Qc7 13. Qe2 Bf6 14. h4 g6 15. Ng5 h6 16. Ne4 Bg7 17. h5 g5 18. Qf3 f5 19. Nc5 Ne5 20. Qe3 Ng4 21. Qg3 Qxc5 22. Be3 Nxe3 23. fxe3 Qxc3 24. Rab1 Qe5 25. Qf2 f4 26. exf4 Qd4 27. Re3 gxf4 28. Rf3 Qxf2+ 29. Rxf2 Bd4 0-1


[Site "https://www.chess.com"]

[Event "Titled Tuesday Blitz March 21 Late 2023"]
[White "Khatena, Moshe"]
[Black "Stanojevic, Ilija"]
[WhiteFideId "2010461"]
[BlackFideId "959995"]
[WhiteElo "2208"]
[BlackElo "2138"]
[Result "0-1"]
[Round "05"]
[TimeControl "180+2"]
[Date "2023.03.21"]
[WhiteClock "0:00:27"]
[BlackClock "0:00:35"]

1. g4 d5 2. Bg2 c6 3. c4 e6 4. d4 Nf6 5. g5 Ne4 6. h4 f5 7. gxf6 Nxf6 8. Nc3 Bb4 9. Nf3 Nbd7 10. Qb3 a5 11. a3 Bd6 12. h5 O-O 13. h6 g6 14. Bg5 Qc7 15. Bh3 Re8 16. O-O-O a4 17. Qc2 e5 18. cxd5 e4 19. Be6+ Kh8 20. Nxe4 Nxe4 21. Qxe4 cxd5+ 22. Qc2 Qxc2+ 23. Kxc2 Rxe6 24. Be3 Nb6 25. Ng5 Re7 26. Kb1 Bf5+ 27. Ka1 Nc4 28. Bc1 Rxe2 29. Nf7+ Kg8 30. Nxd6 Nxd6 31. Bf4 Nc4 32. Rhe1 Rae8 33. Be3 Rxb2 34. Rc1 Rb3 35. Ka2 Rxa3# 0-1


[Site "https://www.chess.com"]